 Dungeon Crawl Stone Soup version 0.29-a0-490-g77b3608bb8 (webtiles) character file.

Game seed: 7615131278604873960

102 hquester the Conjurer (level 4, -2/32 HPs)
             Began as a Gnoll Conjurer on May 26, 2022.
             Slain by a gnoll
             ... wielding a +0 spear
              (6 damage)
             ... on level 3 of the Dungeon.
             The game lasted 00:12:50 (2734 turns).

hquester the Conjurer (Gnoll Conjurer)              Turns: 2734, Time: 00:12:51

Health: -2/32      AC:  6    Str:  9      XL:     4   Next: 78%
Magic:  5/11       EV: 12    Int: 16 (17) God:
Gold:   159        SH:  3    Dex: 10      Spells: 12/13 levels left

rFire   . . .      SeeInvis .   s - +1 short sword (venom)
rCold   . . .      Faith    .   k - +0 buckler
rNeg    . . .      Spirit   .   a - +0 robe
rPois   .          Reflect  .   (no helmet)
rElec   .          Harm     .   c - +0 cloak
rCorr   .          Rampage  .   n - +0 pair of gloves
Will    .....                   (no boots)
Stlth   ++........              (no amulet)
HPRegen 0.10/turn               (no ring)
MPRegen 0.12/turn               (no ring)

@: brilliant
A: fangs 1, strong nose, distributed training, iridescent scales 1,
deterioration 1, evolution 1
a: no special abilities


You were on level 3 of the Dungeon.
You visited 1 branch of the dungeon, and saw 3 of its levels.

You collected 159 gold pieces.

Inventory:

Hand Weapons
 s - a +1 short sword of venom (weapon)
Armour
 a - a +0 robe (worn)
 c - a +0 cloak (worn)
 k - a +0 buckler (worn)
 n - a +0 pair of gloves (worn)
Scrolls
 d - a scroll of fear {unknown}
 e - a scroll of magic mapping {unknown}
 j - a scroll of teleportation {unknown}
 m - a scroll of noise {unknown}
 p - 2 scrolls of amnesia {unknown}
 q - 2 scrolls of blinking {unknown}
Potions
 b - a potion of magic
 f - a potion of mutation
 h - a potion of heal wounds {unknown}
 i - a potion of resistance {unknown}
 l - a potion of flight {unknown}
 o - a potion of berserk rage {unknown}


   Skills:
 + Level 1.2 Fighting
 + Level 1.2 Short Blades
 + Level 1.2 Long Blades
 + Level 1.2 Axes
 + Level 1.2 Maces & Flails
 + Level 1.2 Polearms
 + Level 1.2 Staves
 + Level 1.2 Slings
 + Level 1.2 Bows
 + Level 1.2 Crossbows
 + Level 1.2 Throwing
 + Level 1.2 Armour
 + Level 4.7 Dodging
 + Level 4.3 Stealth
 + Level 1.2 Shields
 + Level 1.2 Unarmed Combat
 + Level 5.1 Spellcasting
 + Level 7.1 Conjurations
 + Level 1.0 Hexes
 + Level 1.0 Summonings
 + Level 1.0 Necromancy
 + Level 1.0 Translocations
 + Level 1.0 Transmutations
 + Level 1.0 Fire Magic
 + Level 1.0 Ice Magic
 + Level 1.0 Air Magic
 + Level 1.0 Earth Magic
 + Level 1.0 Poison Magic
 + Level 1.3 Invocations
 + Level 1.2 Evocations


You had 12 spell levels left.
You knew the following spells:

 Your Spells              Type           Power      Damage    Failure   Level
a - Magic Dart            Conj           100%       1d8       1%          1

Your spell library contained the following spells:

 Spells                   Type           Power      Damage    Failure   Level
 Searing Ray              Conj           80%        2d7       1%          2
 Dazzling Flash           Conj/Hex       50%        N/A       11%         3
 Summon Small Mammal      Summ           44%        N/A       13%         1
 Sublimation of Blood     Necr           11%        N/A       21%         2
 Iskenderun's Battlesphe  Conj           40%        2d9       28%         5
 Call Canine Familiar     Summ           11%        N/A       36%         3
 Summon Guardian Golem    Hex/Summ       11%        N/A       36%         3
 Fulminant Prism          Conj/Hex       12%        3d9       36%         4
 Iskenderun's Mystic Bla  Conj/Tloc      25%        2d7       36%         4
 Irradiate                Conj/Tmut      12%        3d17      71%         5
 Petrify                  Tmut/Erth      11%        N/A       78%         4
 Iron Shot                Conj/Erth      12%        9d3       99%         6
 Spellforged Servitor     Conj/Summ      12%        N/A       100%        7


Dungeon Overview and Level Annotations

Branches:
Dungeon (3/15)

Altars:


Innate Abilities, Weirdness & Mutations

You have very sharp teeth.
Your uncanny sense of smell can sniff out nearby items.
Your experience applies equally to all skills.
You are partially covered in iridescent scales. (AC +2)
Your body sometimes deteriorates upon taking damage.
You have hidden genetic potential.


Message History

Aiming: Magic Dart (safe; 1% risk of failure)
Press: ? - help, Shift-Dir - straight line, f/p - gnoll
Aim: a gnoll, wielding a +0 spear (heavily wounded, 100% to hit)
The magic dart hits the gnoll.
The gnoll is severely wounded.
Casting: Magic Dart (safe; 1% risk of failure)
Confirm with . or Enter, or press ? or * to list all spells.
Aiming: Magic Dart (safe; 1% risk of failure)
Press: ? - help, Shift-Dir - straight line, f/p - gnoll
Aim: a gnoll, wielding a +0 spear (severely wounded, 100% to hit)
The magic dart hits the gnoll but does no damage.
The gnoll is severely wounded.
A gnoll comes into view. It is wielding a +0 club.
The gnoll misses you. The gnoll closely misses you.
The gnoll hits you from afar with a +0 spear!
Your body deteriorates!
You feel dopey.
Casting: Magic Dart (safe; 1% risk of failure)
Confirm with . or Enter, or press ? or * to list all spells.
Aiming: Magic Dart (safe; 1% risk of failure)
Press: ? - help, Shift-Dir - straight line, f - gnoll
Aim: a gnoll, wielding a +0 spear (heavily wounded, 100% to hit)
The magic dart hits the gnoll.
The gnoll is severely wounded.
The gnoll hits you but does no damage.
The gnoll hits you from afar with a +0 spear.
The gnoll hits you with a +0 spear.
You hit the gnoll but do no damage. You bite the gnoll, but do no damage.
The gnoll is severely wounded.
The gnoll barely misses you. The gnoll hits you with a +0 spear.
You hit the gnoll but do no damage.
The gnoll is severely wounded.
The gnoll hits you from afar with a +0 spear!
* * * LOW HITPOINT WARNING * * *
The gnoll hits you with a +0 spear.
* * * LOW HITPOINT WARNING * * *
It was a potion of brilliance.
You feel clever all of a sudden. The gnoll barely misses you.
The gnoll hits you with a +0 spear.
You die...

..#.# #.#
####.#.#....##.# ..#+#
#.#
########.#......##.###
. ...
......................
....).................
#.#.###.........####..
# #.#.###.....####..
#.g...............
#g#.#.............
#@#gg..###########
#.##.g.# # #.#..$.# #
#.#.w..# # #.#...g# ##
# ..#..#..... #
......#..#$.... #
#..(....#.##.....
#.#.g...#........


You could see 2 gnolls.

Vanquished Creatures
  2 adders (D:2)
  3 worms
  2 dart slugs
  4 orcs (D:3)
  3 endoplasms (D:3)
  A giant cockroach (D:1)
  5 goblins
  4 hobgoblins
  4 jackals (D:3)
  6 quokkas
  9 ball pythons
  7 bats
  3 frilled lizards
  8 kobolds
  4 rats
65 creatures vanquished.

Notes
Turn   | Place    | Note
-------+----------+-------------------------------------------
     0 | D:1      | hquester the Gnoll Conjurer began the quest for the Orb.
     0 | D:1      | Reached XP level 1. HP: 13/13 MP: 6/6
    97 | D:1      | Reached XP level 2. HP: 18/19 MP: 5/7
   661 | D:1      | Found a faded altar of an unknown god.
   696 | D:1      | Reached XP level 3. HP: 25/25 MP: 5/9
   857 | D:2      | Reached skill level 5 in Spellcasting
   994 | D:2      | Reached skill level 1 in Invocations
  1262 | D:2      | Reached skill level 1 in Fighting
  1262 | D:2      | Reached skill level 1 in Short Blades
  1262 | D:2      | Reached skill level 1 in Long Blades
  1262 | D:2      | Reached skill level 1 in Axes
  1262 | D:2      | Reached skill level 1 in Maces & Flails
  1262 | D:2      | Reached skill level 1 in Polearms
  1262 | D:2      | Reached skill level 1 in Staves
  1262 | D:2      | Reached skill level 1 in Slings
  1262 | D:2      | Reached skill level 1 in Bows
  1262 | D:2      | Reached skill level 1 in Crossbows
  1262 | D:2      | Reached skill level 1 in Throwing
  1262 | D:2      | Reached skill level 1 in Armour
  1262 | D:2      | Reached skill level 1 in Shields
  1262 | D:2      | Reached skill level 1 in Unarmed Combat
  1262 | D:2      | Reached skill level 1 in Evocations
  1417 | D:2      | Reached XP level 4. HP: 32/32 MP: 6/11
  1804 | D:3      | Gained mutation: You are partially covered in iridescent
                  | scales. (AC +2) [potion of mutation]
  1804 | D:3      | Gained mutation: Your body sometimes deteriorates upon
                  | taking damage. [potion of mutation]
  1804 | D:3      | Gained mutation: You have hidden genetic potential. [potion
                  | of mutation]
  2208 | D:3      | Reached skill level 1 in Hexes
  2208 | D:3      | Reached skill level 1 in Summonings
  2208 | D:3      | Reached skill level 1 in Necromancy
  2208 | D:3      | Reached skill level 1 in Translocations
  2208 | D:3      | Reached skill level 1 in Transmutations
  2208 | D:3      | Reached skill level 1 in Fire Magic
  2208 | D:3      | Reached skill level 1 in Ice Magic
  2208 | D:3      | Reached skill level 1 in Air Magic
  2208 | D:3      | Reached skill level 1 in Earth Magic
  2208 | D:3      | Reached skill level 1 in Poison Magic
  2734 | D:3      | Slain by a gnoll

Illustrated notes

Levels and vault maps discovered:
D:1:      sevenhm_arrival_forest_fort_small_1, layout_rooms,
          hellmonk_ecumenical_altar_inner_sanctum, grunt_decor_fettered,
          interstate_on_off
D:2:      layout_loops_cross, minmay_misc_feat_five
D:3:      layout_basic, hex_intersection, uniq_grinder

Skill      XL: |  1  2  3  4 |
---------------+-------------+-----
Spellcasting   | 5 |  5.1
Invocations    | 1 |  1.3
Fighting       | 1 |  1.2
Short Blades   | 1 |  1.2
Long Blades    | 1 |  1.2
Axes           | 1 |  1.2
Maces & Flails | 1 |  1.2
Polearms       | 1 |  1.2
Staves         | 1 |  1.2
Slings         | 1 |  1.2
Bows           | 1 |  1.2
Crossbows      | 1 |  1.2
Throwing       | 1 |  1.2
Armour         | 1 |  1.2
Shields        | 1 |  1.2
Unarmed Combat | 1 |  1.2
Evocations     | 1 |  1.2
Hexes          | 1 |  1.0
Summonings     | 1 |  1.0
Necromancy     | 1 |  1.0
Translocations | 1 |  1.0
Transmutations | 1 |  1.0
Fire Magic     | 1 |  1.0
Ice Magic      | 1 |  1.0
Air Magic      | 1 |  1.0
Earth Magic    | 1 |  1.0
Poison Magic   | 1 |  1.0
Dodging        | |  4.7
Stealth        | |  4.3
Conjurations   | |  7.1

Action                   |  1- 3 |  4- 6 || total
-------------------------+-------+-------++-------
Melee: Dagger            |     6 |    32 ||    38
       Bite              |     1 |     5 ||     6
       Punch             |     1 |       ||     1
       Short sword       |       |     2 ||     2
 Cast: Magic Dart        |    66 |    52 ||   118
  Use: Potion            |       |     3 ||     3
Armor: Robe              |       |    11 ||    11
Dodge: Dodged            |     3 |    19 ||    22
Block: Buckler           |       |     4 ||     4

Table legend: (Time is in decaauts)
 A = Elapsed time spent in this place.
 B = Non-inter-level travel time spent in this place.
 C = Inter-level travel time spent in this place.
 D = Time resting spent in this place.
 E = Time spent auto-exploring this place.
 F = Levels seen in this place.
 G = Mean time per level.
                   A        B        C        D        E       F      G
               +--------+--------+--------+--------+--------+-----+--------+
         Total |   2733 |   2646 |     87 |    756 |   1388 |   3 |  911.0 |
       Dungeon |   2733 |   2646 |     87 |    756 |   1388 |   3 |  911.0 |
               +--------+--------+--------+--------+--------+-----+--------+

Top non-repeatable levels by time:
     D:3: 988 daAuts
     D:2: 898 daAuts
     D:1: 846 daAuts
